TOP OF THE 1ST |
University of Nebraska Cornhuskers batting - Pitching for Oregon State University Beavers : RHP Edwin Zelaya
|
Pitching: RHP Edwin Zelaya
|
|
Batting: RHB Chris Anthony
|
0-0: Fly out, F7 (Flyball, 78M, EV 93.1 MPH)
|
Batting: RHB Quentin Howland
|
0-0: Ball 1-0: Foul Ball, location: 2F 1-1: Ball 2-1: Ball 3-1: Base on Balls
|
Batting: LHB Lupe Garcia
|
0-0: Called Strike 0-1: Ball 1-1: Fly out, F7 (Flyball, 78S, EV 96.9 MPH)
|
Batting: LHB Jose Gonzalez
|
0-0: Ball 1-0: Ball 2-0: Ball 3-0: Called Strike 3-1: Foul Ball, location: 2F 3-2: Strikes out swinging
|
Top of the 1st over - 0 runs, 0 hits, 0 errors, 1 left on base; University of Nebraska 0 - Oregon State University 0 |
BOTTOM OF THE 1ST |
Oregon State University Beavers batting - Pitching for University of Nebraska Cornhuskers : RHP Robby Arce
|
Pitching: RHP Robby Arce
|
|
Batting: RHB Willie Lopez
|
0-0: Called Strike 0-1: Called Strike 0-2: Ball 1-2: Strikes out looking
|
Batting: RHB Yasuyuki Moriyama
|
0-0: Ball 1-0: Foul Ball, location: 2F 1-1: Fly out, F4 (Line Drive, 4M, EV 67.5 MPH)
|
Batting: SHB Sosaia Apelahama
|
0-0: Swinging Strike 0-1: Ball 1-1: Foul Ball, location: 2F 1-2: Foul Ball, location: 2F 1-2: Strikes out swinging
|
Bottom of the 1st over - 0 runs, 0 hits, 0 errors, 0 left on base; University of Nebraska 0 - Oregon State University 0 |
TOP OF THE 2ND |
University of Nebraska Cornhuskers batting - Pitching for Oregon State University Beavers : RHP Edwin Zelaya
|
Batting: RHB Alex Gonzalez
|
0-0: Ball 1-0: Ball 2-0: Ball 3-0: Called Strike 3-1: Called Strike 3-2: Foul Ball, location: 2F 3-2: Fly out, F8 (Flyball, 8RM, EV 90.6 MPH)
|
Batting: RHB Robby Arce
|
0-0: Called Strike 0-1: Ground out 6-3 (Groundball, 6, EV 100.6 MPH)
|
Batting: LHB Kevin Brannon
|
0-0: Called Strike 0-1: Ball 1-1: Ball 2-1: Fly out, F8 (Flyball, 8LS, EV 89.4 MPH)
|
Top of the 2nd over - 0 runs, 0 hits, 0 errors, 0 left on base; University of Nebraska 0 - Oregon State University 0 |
BOTTOM OF THE 2ND |
Oregon State University Beavers batting - Pitching for University of Nebraska Cornhuskers : RHP Robby Arce
|
Batting: LHB Chad Carlson
|
0-0: Called Strike 0-1: Swinging Strike 0-2: Strikes out looking
|
Batting: RHB Rafael Ventura
|
0-0: Called Strike 0-1: Foul Ball, location: 2F 0-2: Ball 1-2: Foul Ball, location: 2F 1-2: Ball 2-2: Strikes out looking
|
Batting: LHB Abdul-Hakim Jibril
|
0-0: Ball 1-0: SINGLE (Line Drive, 9LS, EV 106.9 MPH)
|
Batting: SHB Hui Li
|
0-0: Fly out, F8 (Flyball, 8RD, EV 96.2 MPH)
|
Bottom of the 2nd over - 0 runs, 1 hit, 0 errors, 1 left on base; University of Nebraska 0 - Oregon State University 0 |
TOP OF THE 3RD |
University of Nebraska Cornhuskers batting - Pitching for Oregon State University Beavers : RHP Edwin Zelaya
|
Batting: LHB Bob Appleby
|
0-0: Ball 1-0: Ball 2-0: Ground out 6-3 (Groundball, 6, EV 85.6 MPH)
|
Batting: RHB Danny Forbes
|
0-0: Ball 1-0: Foul Ball, location: 2F 1-1: Ball 2-1: Swinging Strike 2-2: Ground out 5-3 (Groundball, 56S, EV 92.5 MPH)
|
Batting: RHB Chris Anthony
|
0-0: Fly out, F9 (Flyball, 89S, EV 86.2 MPH)
|
Top of the 3rd over - 0 runs, 0 hits, 0 errors, 0 left on base; University of Nebraska 0 - Oregon State University 0 |
BOTTOM OF THE 3RD |
Oregon State University Beavers batting - Pitching for University of Nebraska Cornhuskers : RHP Robby Arce
|
Batting: RHB Israel Soto
|
0-0: Called Strike 0-1: Called Strike 0-2: Ball 1-2: SOLO HOME RUN (Flyball, 89XD, EV 103.8 MPH), Distance : 418 ft
|
Batting: RHB Luis Flores
|
0-0: Called Strike 0-1: Foul Ball, location: 2F 0-2: Ball 1-2: Fly out, F8 (Flyball, 8RD, EV 98.8 MPH)
|
Batting: RHB Willie Lopez
|
0-0: SINGLE (Groundball, 6MD, EV 99.4 MPH)
|
Batting: RHB Yasuyuki Moriyama
|
0-0: Swinging Strike 0-1: Swinging Strike 0-2: Ball 1-2: Strikes out looking
|
Batting: SHB Sosaia Apelahama
|
0-0: Swinging Strike 0-1: Foul Ball, location: 2F 0-2: Ball 1-2: Foul Ball, location: 2F 1-2: Ball 2-2: Ball 3-2: Fly out, F7 (Flyball, 78S, EV 87.5 MPH)
|
Bottom of the 3rd over - 1 run, 2 hits, 0 errors, 1 left on base; University of Nebraska 0 - Oregon State University 1 |
TOP OF THE 4TH |
University of Nebraska Cornhuskers batting - Pitching for Oregon State University Beavers : RHP Edwin Zelaya
|
Batting: RHB Quentin Howland
|
0-0: Called Strike 0-1: SINGLE (Line Drive, 7S, EV 98.8 MPH)
|
Batting: LHB Lupe Garcia
|
0-0: DOUBLE (Line Drive, 5D, EV 103.8 MPH) Quentin Howland to third
|
Batting: LHB Jose Gonzalez
|
0-0: Called Strike 0-1: Swinging Strike 0-2: Strikes out swinging
|
Batting: RHB Alex Gonzalez
|
0-0: Called Strike 0-1: Ball 1-1: Swinging Strike 1-2: Foul Ball, location: 2F 1-2: Strikes out swinging
|
Batting: RHB Robby Arce
|
0-0: Ball 1-0: Foul Ball, location: 2F 1-1: Swinging Strike 1-2: Ball 2-2: Strikes out swinging
|
Top of the 4th over - 0 runs, 2 hits, 0 errors, 2 left on base; University of Nebraska 0 - Oregon State University 1 |
BOTTOM OF THE 4TH |
Oregon State University Beavers batting - Pitching for University of Nebraska Cornhuskers : RHP Robby Arce
|
Batting: LHB Chad Carlson
|
0-0: Called Strike 0-1: Called Strike 0-2: Ground out 4-3 (Groundball, 4, EV 101.9 MPH)
|
Batting: RHB Rafael Ventura
|
0-0: Ball 1-0: Foul Ball, location: 2F 1-1: SINGLE (Groundball, 5S, EV 95.6 MPH)
|
Batting: LHB Abdul-Hakim Jibril
|
0-0: Ball 1-0: Ball 2-0: Swinging Strike 2-1: Ball 3-1: Called Strike 3-2: Strikes out swinging
|
Batting: SHB Hui Li
|
Pickoff Throw to First - Error! E1 Rafael Ventura to second 0-0: Ball 1-0: Ball 2-0: Foul Ball, location: 2F 2-1: Foul Ball, location: 2F 2-2: Ball 3-2: Foul Ball, location: 2F 3-2: Ground out 1-3 (Groundball, P, EV 75.0 MPH)
|
Bottom of the 4th over - 0 runs, 1 hit, 1 error, 1 left on base; University of Nebraska 0 - Oregon State University 1 |
TOP OF THE 5TH |
University of Nebraska Cornhuskers batting - Pitching for Oregon State University Beavers : RHP Edwin Zelaya
|
Batting: LHB Kevin Brannon
|
0-0: Swinging Strike 0-1: Ball 1-1: Foul Ball, location: 2F 1-2: Ball 2-2: Foul Ball, location: 2F 2-2: SINGLE (Groundball, 34D, EV 100.0 MPH)
|
Batting: LHB Bob Appleby
|
0-0: Called Strike 0-1: Foul Ball, location: 2F 0-2: Strikes out swinging
|
Batting: RHB Danny Forbes
|
0-0: Called Strike 0-1: Fielders Choice at 2nd, 6-4 (Groundball, 6, EV 104.4 MPH)
|
Batting: RHB Chris Anthony
|
0-0: Ball 1-0: Foul Ball, location: 2F 1-1: Called Strike 1-2: Fielders Choice at 2nd, 5-4 (Groundball, 56, EV 101.9 MPH)
|
Top of the 5th over - 0 runs, 1 hit, 0 errors, 1 left on base; University of Nebraska 0 - Oregon State University 1 |
BOTTOM OF THE 5TH |
Oregon State University Beavers batting - Pitching for University of Nebraska Cornhuskers : RHP Robby Arce
|
Batting: RHB Israel Soto
|
0-0: Called Strike 0-1: Ball 1-1: Ball 2-1: Swinging Strike 2-2: Strikes out swinging
|
Batting: RHB Luis Flores
|
0-0: Swinging Strike 0-1: Swinging Strike 0-2: Ball 1-2: SINGLE (Groundball, 56S, EV 71.2 MPH) (infield hit)
|
Batting: RHB Willie Lopez
|
0-0: Called Strike 0-1: Swinging Strike 0-2: Ball 1-2: Ball 2-2: Strikes out swinging
|
Pitching: RHP Miguel Bustamante
|
|
Batting: RHB Yasuyuki Moriyama
|
0-0: Ball 1-0: Called Strike Luis Flores steals 2nd base 1-1: Ground out 5-3 (Groundball, 56, EV 83.1 MPH)
|
Bottom of the 5th over - 0 runs, 1 hit, 0 errors, 1 left on base; University of Nebraska 0 - Oregon State University 1 |
TOP OF THE 6TH |
University of Nebraska Cornhuskers batting - Pitching for Oregon State University Beavers : RHP Edwin Zelaya
|
Batting: RHB Quentin Howland
|
0-0: Fly out, F8 (Flyball, 78S, EV 90.6 MPH)
|
Batting: LHB Lupe Garcia
|
0-0: Called Strike 0-1: Swinging Strike 0-2: Strikes out looking
|
Batting: LHB Jose Gonzalez
|
0-0: Ball 1-0: Ball 2-0: Fly out, F7 (Line Drive, 78M, EV 102.5 MPH)
|
Top of the 6th over - 0 runs, 0 hits, 0 errors, 0 left on base; University of Nebraska 0 - Oregon State University 1 |
BOTTOM OF THE 6TH |
Oregon State University Beavers batting - Pitching for University of Nebraska Cornhuskers : RHP Miguel Bustamante
|
Batting: SHB Sosaia Apelahama
|
0-0: Called Strike 0-1: Ball 1-1: Foul Ball, location: 2F 1-2: Strikes out swinging
|
Batting: LHB Chad Carlson
|
0-0: Ball 1-0: Called Strike 1-1: Foul Ball, location: 2F 1-2: Foul Ball, location: 2F 1-2: Foul Ball, location: 2F 1-2: Ball 2-2: Foul Ball, location: 2F 2-2: Strikes out swinging
|
Batting: RHB Rafael Ventura
|
0-0: Foul Ball, location: 2F 0-1: Ball 1-1: Called Strike 1-2: Ball 2-2: Strikes out swinging
|
Bottom of the 6th over - 0 runs, 0 hits, 0 errors, 0 left on base; University of Nebraska 0 - Oregon State University 1 |
TOP OF THE 7TH |
University of Nebraska Cornhuskers batting - Pitching for Oregon State University Beavers : RHP Edwin Zelaya
|
Pitching: RHP Alex Juarez
|
|
Pinch Hitting: LHB Avicenna Abdul-Muta'al
|
0-0: Foul Ball, location: 2F 0-1: Swinging Strike 0-2: Ball 1-2: Strikes out looking
|
Batting: RHB Robby Arce
|
0-0: Called Strike 0-1: Ball 1-1: Ball 2-1: Ball 3-1: Foul Ball, location: 2F 3-2: Strikes out looking
|
Batting: LHB Kevin Brannon
|
0-0: Fly out, F5 (Popup, 25F, EV 86.9 MPH)
|
Top of the 7th over - 0 runs, 0 hits, 0 errors, 0 left on base; University of Nebraska 0 - Oregon State University 1 |
BOTTOM OF THE 7TH |
Oregon State University Beavers batting - Pitching for University of Nebraska Cornhuskers : RHP Miguel Bustamante
|
Now at 2B: Andy Henn
|
|
Batting: LHB Abdul-Hakim Jibril
|
0-0: Ball 1-0: Called Strike 1-1: Ball 2-1: Ball 3-1: Base on Balls
|
Batting: SHB Hui Li
|
0-0: Ball 1-0: Called Strike 1-1: Fly out, F3 (Popup, 3S, EV 56.2 MPH)
|
Batting: RHB Israel Soto
|
0-0: Ball Abdul-Hakim Jibril steals 2nd base 1-0: Called Strike 1-1: Ball 2-1: Ground out 6-3 (Groundball, 6, EV 89.4 MPH)
|
Batting: RHB Luis Flores
|
0-0: Ball 1-0: Swinging Strike 1-1: Swinging Strike 1-2: Ball 2-2: Strikes out swinging
|
Bottom of the 7th over - 0 runs, 0 hits, 0 errors, 1 left on base; University of Nebraska 0 - Oregon State University 1 |
TOP OF THE 8TH |
University of Nebraska Cornhuskers batting - Pitching for Oregon State University Beavers : RHP Alex Juarez
|
Pinch Hitting: SHB Gary Luckwell
|
0-0: Reached on error, E4 (Groundball, 4M, EV 101.2 MPH)
|
Pinch Hitting: LHB Alfonso Escalante
|
0-0: Ball 1-0: Swinging Strike 1-1: Foul Ball, location: 2F 1-2: Foul Ball, location: 2F 1-2: Ball 2-2: Ball 3-2: Base on Balls Gary Luckwell to second
|
Pinch Hitting: SHB Kent Worboys
|
0-0: Foul Ball, location: 2F 0-1: Ball 1-1: Swinging Strike 1-2: Strikes out swinging
|
Pinch Hitting: RHB Aidan Collet
|
0-0: Called Strike 0-1: Called Strike 0-2: Foul Ball, location: 2F 0-2: Fly out, F9 (Flyball, 9D, EV 87.5 MPH) Runner from 2nd tags up, SAFE at 3rd, no throw by RF
|
Pitching: RHP Wang-fen Ang
|
|
Pinch Hitting: RHB David Arevalo
|
0-0: Fielders Choice at 2nd, 6-4 (Groundball, 56, EV 80.6 MPH)
|
Top of the 8th over - 0 runs, 0 hits, 1 error, 2 left on base; University of Nebraska 0 - Oregon State University 1 |
BOTTOM OF THE 8TH |
Oregon State University Beavers batting - Pitching for University of Nebraska Cornhuskers : RHP Miguel Bustamante
|
Pitching: LHP Jamie Corbin
|
|
Now at C: Will England
|
|
Now at 3B: Tim Bond
|
|
Now at SS: Rob Bryan
|
|
Now in CF: Jeremy Weaver
|
|
Now in RF: Alfonso Escalante
|
|
Batting: RHB Willie Lopez
|
0-0: Ball 1-0: Ball 2-0: Ball 3-0: Called Strike 3-1: Swinging Strike 3-2: Strikes out swinging
|
Batting: RHB Yasuyuki Moriyama
|
0-0: Called Strike 0-1: Called Strike 0-2: Strikes out looking
|
Batting: SHB Sosaia Apelahama
|
0-0: Ball 1-0: Called Strike 1-1: Swinging Strike 1-2: Strikes out swinging
|
Bottom of the 8th over - 0 runs, 0 hits, 0 errors, 0 left on base; University of Nebraska 0 - Oregon State University 1 |
TOP OF THE 9TH |
University of Nebraska Cornhuskers batting - Pitching for Oregon State University Beavers : RHP Wang-fen Ang
|
Now at 1B: Kyle McCunn
|
|
Now at 3B: Eric Robertson
|
|
Now in RF: Sun-wei Kuai
|
|
Pinch Hitting: RHB Salvador Guillen
|
0-0: Foul Ball, location: 2F 0-1: Called Strike 0-2: Ball 1-2: Strikes out swinging
|
Batting: SHB Andy Henn
|
0-0: Fly out, F3 (Line Drive, 34, EV 75.0 MPH)
|
Batting: RHB Robby Arce
|
0-0: Ball 1-0: Ball 2-0: Called Strike 2-1: Ball 3-1: Called Strike 3-2: Ground out 6-3 (Groundball, 56S, EV 83.8 MPH)
|
Top of the 9th over - 0 runs, 0 hits, 0 errors, 0 left on base; University of Nebraska 0 - Oregon State University 1 |
|